 Dungeon Crawl Stone Soup version 0.28-a0-863-g8cecda6153 (webtiles) character file.

Game seed: 14720064685371857211

70 gigimoi the Cudgeller (level 4, -5/41 HPs)
             Began as a Minotaur Berserker on Nov 18, 2021.
             Was a Believer of Trog.
             Slain by a gnoll (13 damage)
             ... on level 1 of the Dungeon.
             The game lasted 00:05:28 (1779 turns).

gigimoi the Cudgeller (Minotaur Berserker)          Turns: 1779, Time: 00:05:29

Health: -5/41      AC:  3    Str: 23    XL:     4   Next: 4%
Magic:  3/3        EV: 12    Int:  4    God:    Trog [**....]
Gold:   88         SH:  0    Dex:  9    Spells: 3/3 levels left

rFire   . . .      SeeInvis .   m - +2 whip (holy)
rCold   + . .      Faith    .   (no shield)
rNeg    . . .      Spirit   .   b - +0 animal skin
rPois   .          Reflect  .   (helmet restricted)
rElec   .          Harm     .   c - +0 cloak
rCorr   .          Rampage  .   (no gloves)
Will    .....                   (no boots)
Stlth   +.........              (no amulet)
HPRegen 0.13/turn               d - ring of protection from cold
MPRegen 0.08/turn               (no ring)

@: no status effects
A: horns 2, retaliatory headbutt
a: Renounce Religion, Berserk, Trog's Hand


You were on level 1 of the Dungeon.
You worshipped Trog.
Trog was pleased with you.
You visited 1 branch of the dungeon, and saw 2 of its levels.

You collected 88 gold pieces.

Inventory:

Hand Weapons
 a - a +0 mace
 m - a +2 whip of holy wrath (weapon)
Missiles
 q - 62 stones (quivered)
Armour
 b - a +0 animal skin (worn)
 c - a +0 cloak (worn)
Jewellery
 d - a ring of protection from cold (left hand)
 n - a ring of protection from fire
Scrolls
 e - a scroll of blinking {unknown}
 f - 4 scrolls of identify {unknown}
 g - a scroll of enchant weapon {unknown}
 h - a scroll of fog {unknown}
 j - 3 scrolls of immolation {unknown}
 k - a scroll of amnesia {unknown}
 l - a scroll of silence {unknown}
 p - 2 scrolls of teleportation {unknown}
Potions
 i - a potion of attraction {unknown}
 o - a potion of cancellation {unknown}


   Skills:
 + Level 4.3 Fighting
 + Level 4.3 Maces & Flails
 + Level 3.3 Armour
 + Level 3.0 Dodging


You had 3 spell levels left.
You didn't know any spells.
Your spell library was empty.

Dungeon Overview and Level Annotations

Branches:
Dungeon (2/15)

Altars:
Nemelex Xobeh


Innate Abilities, Weirdness & Mutations

You have a pair of horns on your head.
You reflexively headbutt those who attack you in melee.


Message History

There is a stone staircase leading up here.
You climb upwards.
There is a stone staircase leading down here.
You start resting.
HP restored.
q - 45 stones (gained 4)
There is a stone staircase leading down here.
q - 49 stones (gained 4)
You see here a +0 club.
There is a stone staircase leading down here.
q - 62 stones (gained 13) Done exploring.
There is a stone staircase leading down here.
You climb downwards.
The gnoll hits you with a +3 vorpal flail.
The gnoll misses you. The gnoll barely misses you.
There is a stone staircase leading up here.
The gnoll hits you with a +3 vorpal flail.
The gnoll hits you from afar with a +0 spear.
You climb upwards.
There is a stone staircase leading down here.
You hit the gnoll.
The gnoll is lightly wounded.
You barely miss the gnoll.
The gnoll is lightly wounded.
The gnoll hits you with a +3 vorpal flail.
You hit the gnoll.
The gnoll is lightly wounded.
The gnoll hits you with a +3 vorpal flail!
* * * LOW HITPOINT WARNING * * *
x2 You hit the gnoll.
Your headbutt misses the gnoll.
The gnoll is heavily wounded.
The gnoll closely misses you.
You closely miss the gnoll. You headbutt the gnoll.
The gnoll is almost dead.
The gnoll closely misses you.
You hit the gnoll but do no damage.
The gnoll is almost dead.
The gnoll hits you with a +3 vorpal flail!
You die...

#.###.........# #.#
#.........# #.# #.........#
#.# #.........#### #.#
#.........#... #.#
#.........#... ########.#
#.........#...
######......g.###.........#...
#............@..........).....
######.......####.........#...
#.......# ###########...
#.......# #... #.......# ####
#.......# #.......#
#.......####
#..........############


You could see a gnoll.

Vanquished Creatures
  2 adders (D:2)
  A dart slug (D:1)
  3 ball pythons
  4 endoplasms (D:2)
  2 giant cockroaches (D:1)
  6 goblins
  3 hobgoblins
  6 jackals
  A quokka (D:1)
  7 bats
  A frilled lizard (D:2)
  5 kobolds
  6 rats
47 creatures vanquished.

Notes
Turn   | Place    | Note
-------+----------+-------------------------------------------
     0 | D:1      | gigimoi the Minotaur Berserker began the quest for the Orb.
     0 | D:1      | Reached XP level 1. HP: 19/19 MP: 0/0
   151 | D:1      | Reached XP level 2. HP: 27/27 MP: 1/1
   380 | D:1      | Found a faded altar of an unknown god.
   442 | D:1      | Reached ** piety under Trog
   853 | D:2      | Reached XP level 3. HP: 33/33 MP: 2/2
   978 | D:2      | Found a sparkling altar of Nemelex Xobeh.
  1469 | D:2      | Reached XP level 4. HP: 12/41 MP: 3/3
  1779 | D:1      | Slain by a gnoll

Illustrated notes

Levels and vault maps discovered:
D:1:      dpeg_arrival_signposts, layout_basic, dreamdust_ecumenical_altar_grove
D:2:      layout_basic, basic_altar, serial_bayou_lagoon_a, st_stairs_11,
          serial_park_tiny_1, minmay_misc_feat_tiny

Skill      XL: |  1  2  3 |
---------------+----------+-----
Fighting       | 4 |  4.3
Maces & Flails | 4 |  4.3
Armour         | 3 |  3.3
Dodging        | 3 |  3.0

Action                   |  1- 3 |  4- 6 || total
-------------------------+-------+-------++-------
Melee: Mace              |    32 |       ||    32
       Headbutt          |    11 |     1 ||    12
       Whip              |    46 |     6 ||    52
Armor: Animal skin       |    27 |       ||    27
Dodge: Dodged            |    59 |     4 ||    63

Table legend: (Time is in decaauts)
 A = Elapsed time spent in this place.
 B = Non-inter-level travel time spent in this place.
 C = Inter-level travel time spent in this place.
 D = Time resting spent in this place.
 E = Time spent auto-exploring this place.
 F = Levels seen in this place.
 G = Mean time per level.
                   A        B        C        D        E       F      G
               +--------+--------+--------+--------+--------+-----+--------+
         Total |   1781 |   1683 |     98 |    219 |   1100 |   2 |  890.5 |
       Dungeon |   1781 |   1683 |     98 |    219 |   1100 |   2 |  890.5 |
               +--------+--------+--------+--------+--------+-----+--------+

Top non-repeatable levels by time:
     D:1: 1127 daAuts
     D:2: 653 daAuts
